 Dungeon Crawl Stone Soup version 0.17-a0-2069-g0f4ee5b (webtiles) character file.

72 Kidiri the Covered (level 4, -1/28 HPs)
             Began as a Gargoyle Fighter on Oct 13, 2015.
             Slain by a gnoll
             ... wielding a +0 halberd
              (8 damage)
             ... on level 2 of the Dungeon.
             The game lasted 00:03:48 (1384 turns).

Kidiri the Covered (Gargoyle Fighter)               Turns: 1384, Time: 00:03:49

Health: -1/28      AC: 11    Str: 21    XL:     4   Next: 25%
Magic:  4/4        EV:  7    Int:  8    God:
Gold:   82         SH:  9    Dex:  9    Spells: 0 memorised, 3 levels left

rFire  x . .     SeeInvis +     a - +0 flail
rCold  + . .     Clarity  .     b - +0 scale mail
rNeg   + . .     SustAt   .     c - +0 shield
rPois  ∞         Gourm    .     (no helmet)
rElec  +         Spirit   .     (no cloak)
rCorr  .         Warding  .     q - +0 pair of gloves
rMut   .         Stasis   .     (no boots)
MR     .....                    (no amulet)
Stlth  ..........               k - ring of see invisible
                                f - ring of ice

@: very slightly contaminated, hasted, very quick, not resistant to hostile
enchantments, extremely unstealthy
A: negative energy resistance 1, electricity resistance, unbreathing,
petrification resistance, rot immunity, AC +3
a: no special abilities


You were on level 2 of the Dungeon.
You were not hungry.

You visited 1 branch of the dungeon, and saw 2 of its levels.

You collected 82 gold pieces.

Inventory:

Hand Weapons
 a - a +0 flail (weapon)
Armour
 b - a +0 scale mail (worn)
 c - a +0 shield (worn)
 q - a +0 pair of gloves (worn)
Jewellery
 f - a ring of ice (left hand)
 k - a ring of see invisible (right hand)
Scrolls
 j - a scroll of teleportation
 m - a scroll of recharging {unknown}
Potions
 d - a potion of might
 h - a potion of brilliance
 i - a potion of haste
 o - a potion of flight
Comestibles
 e - 2 bread rations
 g - 4 chunks of flesh
 l - a beef jerky
 n - 6 fruits
 p - a meat ration


   Skills:
 + Level 3.4 Fighting
 * Level 2.8 Maces & Flails
 * Level 4.0 Armour
 * Level 1.1 Dodging
 * Level 3.8 Shields


You had 3 spell levels left.
You didn't know any spells.

Dungeon Overview and Level Annotations

Branches:
Dungeon (2/15)

Altars:


Innate Abilities, Weirdness & Mutations

You are resistant to torment.
Your stone body is resilient (AC +3).
You are immune to poison.
You resist negative energy.
You are resistant to electric shocks.
You can survive without breathing.
You are immune to petrification.
You are immune to rotting.


Message History

You are very lightly contaminated with residual magic.
Unknown command.
You barely miss the gnoll.
The gnoll is almost dead.
You block the gnoll's attack. The gnoll hits you but does no damage.
You barely miss the gnoll.
The gnoll is almost dead.
The gnoll hits you from afar with a halberd!
* * * LOW HITPOINT WARNING * * *
Unknown command.
Drink which item? (? for menu, Esc to quit)
It was a potion of curing.
You feel better. The gnoll hits you with a whip.
* * * LOW HITPOINT WARNING * * *
You thump the gnoll!
You kill the gnoll!
Your Armour skill increases to level 4!
You block the gnoll's attack.
Unknown command.
The gnoll hits you with a halberd!
You die...

*,,,,,*#)..(((.(##.#
*,**,,*
*,**#.##.÷####.##*.#
*,,,,,* *,*
#....(.....###.## ****,**
*,* #.##..#.........## *,*
*,* #,*#..#.##.#.....# *,*
*,* *,*#...#.#.#.....# *,*
*,*
*,*#..###...?....#******,**
*,*
*,*#.#.#.#.#.....,,,,,,,,,*
*,*
*,*#.*#.##@#,,...,,,,,,,,,,
*,*
*,,........g...##**********
*,***,######.......#
*,,,,,,,,,.....#####
*********#######


You could see a gnoll.

Vanquished Creatures
  2 gnolls (D:2)
  An adder (D:2)
  2 oozes
  A worm (D:2)
  A ball python (D:1)
  3 goblins (D:1)
  4 hobgoblins
  2 jackals (D:1)
  4 bats
  3 giant cockroaches
  2 giant newts (D:1)
  5 kobolds
  4 rats
34 creatures vanquished.

Notes
Turn   | Place    | Note
--------------------------------------------------------------
     0 | D:1      | Kidiri the Gargoyle Fighter began the quest for the Orb.
     0 | D:1      | Reached XP level 1. HP: 14/14 MP: 1/1
    92 | D:1      | Reached XP level 2. HP: 16/19 MP: 2/2
   668 | D:1      | Reached XP level 3. HP: 18/23 MP: 3/3
  1351 | D:2      | Reached skill level 1 in Dodging
  1378 | D:2      | Reached XP level 4. HP: 8/28 MP: 4/4
  1381 | D:2      | HP: 1/28 [gnoll/halberd (7)]
  1383 | D:2      | Reached skill level 4 in Armour
  1384 | D:2      | Slain by a gnoll

Vault maps used:
D:1:      dpeg_arrival_pits, lemuel_another_geyser
D:2:      tso_altar

Action                   |  1- 3 |  4- 6 || total
-------------------------+-------+-------++-------
Melee: Flail             |   111 |     3 ||   114
  Use: Scroll            |     6 |       ||     6
       Potion            |       |     2 ||     2
  Eat: Chunk             |     2 |       ||     2
